Map: [ESL] Data-C

Players

BabyMarine

  • Race: Terran Terran
  • Spawn Location: 9:00

NightPhoenix - Winner!

  • Race: Protoss Protoss
  • Spawn Location: 3:00

Event: DreamHack SC2 Masters 2022 Valencia

VOD

Have the link to the VOD?

Description

Time

  • Played on: July 1, 2022, 1:50 p.m.
  • Length: 16:48

All games in this series

Show
View Real Time Build Order
Export as new Build Order

BabyMarine Terran 

Build Orders: Reaper Expand 

Get SALT Encoding   

  12  0:00  SCV  
  13  0:12  SCV  
  14  0:17  Supply Depot  
  14  0:24  SCV  
  15  0:39  SCV  
  15  0:42  Barracks  
  16  0:47  Refinery  
  16  0:51  SCV  
  17  1:03  SCV  
  18  1:05  Engineering Bay  
  18  1:15  SCV  
  19  1:29  Orbital Command  
  19  1:30  Reaper  
  20  1:47  Bunker  
  20  1:59  Command Center  
  20  2:03  SCV  
  20  2:05  Barracks Reactor  
  21  2:13  Supply Depot  
  21  2:15  SCV  
  22  2:27  Factory, SCV  
  23  2:39  SCV  
  23  2:42  Marine x2  
  26  2:51  SCV  
  26  2:55  Refinery  
  27  3:00  Marine x2  
  27  3:03  SCV  
  29  3:10  Factory Tech Lab  
  29  3:15  SCV  
  29  3:16  Starport  
  29  3:18  Marine  
  31  3:33  Marine  
  31  3:35  Marine  
  29  3:42  SCV  
  30  3:51  Marine  
  31  4:27  Viking, SCV, Marine x2, Cyclone  
  38  4:35  Command Center  
  38  4:37  Barracks, Supply Depot  
  38  4:39  SCV  
  38  4:41  Orbital Command  
  38  4:45  Marine x2  
  41  4:51  SCV  
  42  4:57  Viking  
  43  5:02  Marine  
  43  5:03  SCV, Siege Tank  
  48  5:07  SCV  
  48  5:08  Marine  
  50  5:15  SCV  
  50  5:20  Marine  
  52  5:25  Marine  
  52  5:27  SCV  
  46  5:39  Viking, Siege Tank, Marine  
  46  5:40  SCV x2  
  51  5:47  Marine  
  50  5:52  SCV  
  50  5:56  Marine  
  45  5:58  SCV  
  45  6:01  Orbital Command  
  45  6:03  Barracks  
  45  6:04  SCV, Marine  
  45  6:10  SCV  
  45  6:11  Viking  
  49  6:14  Marine  
  49  6:16  Siege Tank  
  51  6:19  SCV  
  51  6:22  SCV  
  51  6:25  Barracks  
  53  6:31  SCV  
  53  6:32  Marine x2  
  52  6:35  SCV  
  52  6:37  SCV  
  54  6:43  Viking  
  54  6:44  SCV  
  57  6:51  Refinery  
  57  6:54  SCV  
  57  6:57  SCV  
  57  6:58  SCV  
  58  7:02  Marine x2  
  58  7:06  Refinery, SCV, Engineering Bay  
  58  7:07  Engineering Bay, Stimpack  
  58  7:08  Factory Tech Lab, Marauder  
  63  7:11  Orbital Command, Supply Depot  
  63  7:13  SCV  
  64  7:17  Barracks Tech Lab  
  64  7:23  Marine x2  
  64  7:24  Starport Reactor  
  64  7:26  Siege Tank  
  64  7:28  SCV x2  
  70  7:30  Marauder  
  70  7:37  SCV  
  70  7:40  SCV  
  70  7:41  SCV  
  70  7:42  Marine x2  
  70  7:43  Marauder  
  76  7:46  Combat Shield  
  76  7:49  SCV  
  75  7:51  Marine  
  75  7:53  SCV  
  77  8:00  Siege Tank, Marine  
  77  8:02  Barracks, Terran Infantry Weapons Level 1  
  77  8:03  Barracks  
  81  8:07  SCV  
  81  8:09  SCV x2, Supply Depot x3  
  84  8:16  Terran Infantry Armor Level 1  
  84  8:17  Marine  
  84  8:19  SCV  
  85  8:26  Missile Turret  
  85  8:29  Missile Turret  
  85  8:30  SCV x2, Marauder  
  85  8:31  SCV  
  85  8:32  Marine  
  85  8:33  Marine  
  91  8:40  Factory Reactor  
  89  8:41  Missile Turret  
  89  8:43  Marine  
  89  8:44  Medivac x2  
  89  8:48  SCV x3  
  97  8:50  Barracks Tech Lab, Barracks Reactor, Marine  
  97  8:51  Marine  
  97  8:54  Marine  
  97  8:55  Concussive Shells  
  100  9:00  SCV x2  
  100  9:01  Marine  
  100  9:05  SCV  
  101  9:11  Refinery, Marine  
  101  9:12  Refinery, SCV, Marauder  
  101  9:14  Marauder  
  101  9:16  Command Center  
  107  9:18  Widow Mine  
  107  9:20  Marine  
  108  9:27  SCV  
  108  9:28  SCV, Marauder, Widow Mine  
  108  9:29  Marine, Supply Depot x2  
  115  9:35  Armory, Marine x2  
  117  9:42  Marauder  
  111  9:51  SCV x3, Marine x2  
  111  9:52  Marauder x2  
  114  9:53  Marine, Widow Mine x2  
  114  9:57  Medivac x2  
  116  10:03  Marauder  
  116  10:06  SCV  
  113  10:08  Marine  
  113  10:09  Marine  
  113  10:13  Marine x2, Marauder x2  
  115  10:15  SCV x2  
  117  10:22  Widow Mine x2  
  117  10:24  Marine  
  117  10:26  Marine  
  117  10:27  Terran Infantry Weapons Level 2  
  123  10:33  Marine x2  
  123  10:34  Marauder x2  
  123  10:35  SCV x2  
  123  10:42  Marauder  
  123  10:47  Viking x2, Widow Mine x2  
  131  10:50  Terran Infantry Armor Level 2  
  131  10:51  Marine x2  
  131  10:52  Marine  
  131  10:56  Marauder  
  131  10:57  SCV x2  
  137  10:58  Marine  
  137  11:00  SCV, Missile Turret  
  140  11:14  Marine x3  
  140  11:15  Marauder x2  
  147  11:20  Ghost Academy  
  147  11:21  Supply Depot  
  147  11:23  Supply Depot  
  147  11:29  Planetary Fortress  
  147  11:34  Missile Turret, Marauder  
  147  11:38  Medivac, Missile Turret  
  147  11:39  Medivac  
  155  11:40  Marine, Widow Mine  
  155  11:42  Marine x2  
  155  11:43  Marauder  
  160  11:51  Command Center  
  160  11:58  Ghost x2, Marine  
  163  12:03  Ghost  
  161  12:08  Viking  
  161  12:13  Terran Ship Weapons Level 1, Starport  
  161  12:14  Refinery  
  161  12:15  Refinery  
  161  12:19  Barracks  
  161  12:21  Barracks  
  161  12:23  Barracks  
  161  12:26  Sensor Tower  
  161  12:28  Viking  
  163  12:36  Ghost x2  
  167  12:38  Viking  
  163  12:58  Enhanced Shockwaves  
  151  13:01  Viking  
  145  13:08  Viking, Marine x4, Marauder x3  
  145  13:09  Barracks Tech Lab x2  
  155  13:13  Barracks  
  155  13:14  Command Center  
  154  13:27  Marine  
  152  13:29  Marauder x2  
  152  13:33  Viking  
  159  13:34  Command Center  
  159  13:38  Viking, Bunker  
  159  13:42  Marine x3, Marauder x3  
  159  13:43  Starport Reactor  
  159  13:44  Marine  
  159  13:45  Terran Infantry Weapons Level 3  
  169  13:51  Marauder  
  169  13:54  Terran Infantry Armor Level 3  
  171  14:00  Supply Depot  
  171  14:01  Marine  
  172  14:20  Marine  
  172  14:21  Marine x2, Marauder  
  172  14:22  Marauder x2  
  172  14:25  Marine, Marauder x2  
  172  14:30  Supply Depot  
  146  14:32  Supply Depot  
  146  14:37  Marine  
  130  14:39  Marine x2  
  130  14:42  Marine, Marauder  
  130  14:43  Marine, Marauder  
  125  14:46  Marine  
  125  14:47  Liberator  
  125  14:50  Marauder  
  126  14:55  Marine  
  81  15:54  Orbital Command  
  71  15:57  Orbital Command  
Show
View Real Time Build Order
Export as new Build Order

NightPhoenix Protoss - Winner!

Build Orders: 1 Gate Expand, Phoenix Opening 

Get SALT Encoding   

  12  0:00  Probe  
  13  0:12  Probe  
  14  0:17  Pylon  
  14  0:24  Probe (Chrono Boost)  
  16  0:36  Probe (Chrono Boost), Gateway  
  16  0:42  Probe (Chrono Boost)  
  16  0:45  Assimilator  
  17  0:51  Probe  
  18  1:03  Probe  
  19  1:15  Probe  
  20  1:27  Cybernetics Core  
  20  1:34  Nexus  
  20  1:41  Pylon  
  20  1:44  Probe  
  21  1:49  Assimilator  
  21  1:56  Probe  
  22  2:02  Adept (Chrono Boost)  
  24  2:08  Probe  
  24  2:16  Stargate  
  24  2:20  Probe  
  25  2:23  Adept (Chrono Boost)  
  27  2:32  Probe  
  27  2:34  Warp Gate  
  28  2:39  Pylon  
  28  2:46  Adept (Chrono Boost)  
  30  2:52  Probe x2  
  36  3:07  Void Ray (Chrono Boost)  
  36  3:10  Adept  
  38  3:14  Probe  
  39  3:30  Probe  
  39  3:31  Probe  
  41  3:40  Phoenix  
  41  3:51  Pylon  
  41  3:52  Pylon  
  39  4:09  Phoenix, Probe x2  
  43  4:10  Pylon  
  43  4:14  Robotics Facility  
  43  4:21  Probe x2  
  43  4:32  Stalker  
  43  4:33  Probe x2  
  47  4:39  Phoenix  
  47  4:45  Probe x2  
  51  4:46  Pylon  
  51  4:52  Gateway  
  51  4:59  Probe  
  53  5:00  Probe  
  53  5:03  Phoenix (Chrono Boost)  
  53  5:07  Stalker  
  57  5:12  Probe x2  
  59  5:32  Nexus  
  57  5:36  Pylon  
  57  5:40  Stalker, Phoenix  
  55  6:01  Probe x2  
  55  6:02  Stalker  
  57  6:05  Phoenix, Assimilator  
  57  6:07  Pylon, Assimilator  
  59  6:15  Probe x2  
  61  6:19  Stalker  
  63  6:27  Probe x2  
  65  6:39  Probe x2  
  67  6:40  Stalker  
  67  6:42  Robotics Bay  
  67  6:46  Gateway x2  
  69  6:47  Stalker  
  69  6:51  Gateway  
  65  7:03  Probe x2 (Chrono Boost)  
  65  7:04  Gateway  
  65  7:06  Probe (Chrono Boost)  
  65  7:07  Gateway  
  68  7:12  Phoenix (Chrono Boost)  
  68  7:14  Probe x2 (Chrono Boost)  
  73  7:15  Probe (Chrono Boost)  
  73  7:17  Stalker x2  
  73  7:18  Probe x2 (Chrono Boost)  
  73  7:19  Shield Battery  
  73  7:20  Probe (Chrono Boost)  
  80  7:23  Shield Battery  
  80  7:28  Phoenix (Chrono Boost)  
  80  7:29  Probe  
  81  7:30  Colossus (Chrono Boost)  
  89  7:53  Phoenix (Chrono Boost)  
  89  7:59  Probe x3  
  89  8:01  Pylon, Assimilator x2  
  89  8:04  Twilight Council  
  92  8:07  Forge, Extended Thermal Lance  
  92  8:17  Nexus  
  92  8:19  Pylon  
  92  8:20  Colossus (Chrono Boost)  
  98  8:28  Probe x3  
  98  8:30  Pylon  
  98  8:31  Protoss Ground Weapons Level 1 (Chrono Boost)  
  98  8:33  Pylon  
  101  8:37  Phoenix  
  101  8:40  Probe x2  
  105  8:42  Charge (Chrono Boost)  
  105  8:50  Gateway  
  105  8:52  Gateway  
  105  8:54  Gateway  
  105  9:03  Colossus (Chrono Boost)  
  105  9:07  Probe x3  
  114  9:12  Stalker x3  
  120  9:17  Zealot  
  120  9:19  Zealot  
  124  9:25  Pylon  
  124  9:26  Pylon x2  
  124  9:28  Sentry  
  126  9:31  Templar Archives  
  126  9:37  Shield Battery  
  124  9:39  Shield Battery  
  112  9:50  Stalker x6  
  98  9:54  Stalker  
  98  9:57  Stalker x2  
  92  10:05  Stalker  
  90  10:11  Probe x4  
  94  10:14  Colossus (Chrono Boost)  
  94  10:19  Zealot x4  
  94  10:21  Protoss Ground Weapons Level 2 (Chrono Boost)  
  108  10:28  Zealot x4  
  104  10:44  Zealot x6  
  116  10:58  Nexus  
  116  10:59  Pylon  
  116  11:00  High Templar x3  
  116  11:01  Colossus (Chrono Boost), High Templar  
  124  11:05  Archon x2  
  124  11:09  Probe x3  
  124  11:10  Probe  
  117  11:12  Photon Cannon  
  117  11:14  Photon Cannon  
  117  11:18  Photon Cannon  
  117  11:21  Photon Cannon  
  117  11:27  High Templar  
  117  11:28  High Templar  
  117  11:29  Zealot x2  
  117  11:32  Archon  
  117  11:33  Probe x4  
  121  11:42  Zealot x3  
  121  11:44  Observer (Chrono Boost)  
  121  11:45  Probe x4  
  132  11:50  Stalker  
  132  11:52  Stalker  
  126  12:09  High Templar x2  
  126  12:12  Zealot x6  
  126  12:13  Archon  
  142  12:16  Probe x4  
  142  12:20  High Templar x2  
  150  12:24  Archon  
  150  12:25  Warp Prism (Chrono Boost)  
  150  12:28  Protoss Ground Weapons Level 3  
  152  12:32  Stalker x2  
  152  12:34  Stalker  
  158  12:39  Probe x2  
  158  12:40  Probe x3  
  126  13:14  Zealot x9  
  126  13:15  Zealot  
  149  13:23  Observer (Chrono Boost)  
  143  13:30  Probe x4  
  143  13:33  Probe  
  142  13:42  Blink (Chrono Boost)  
  142  13:43  Probe x2, Robotics Facility  
  142  13:44  Probe x2  
  142  13:45  Disruptor (Chrono Boost)  
  149  13:51  Zealot  
  149  13:52  Zealot x9  
  169  14:01  Pylon  
  169  14:15  Zealot x9  
  169  14:16  Zealot  
  181  14:25  Disruptor (Chrono Boost)  
  178  14:38  Stalker x2  
  172  14:48  Zealot x4  
  170  14:57  Zealot x3  
  167  15:04  Zealot  
  151  15:19  Pylon x2  
  151  15:20  Pylon  
  149  15:29  Nexus  
  149  15:30  Pylon  
  149  15:42  Nexus, Pylon  
  121  15:52  Zealot x2  
  102  16:14  Zealot  
  102  16:31  Zealot  
  102  16:34  Gateway x2  
  102  16:36  Gateway, Zealot  

Tags
 
Add a new tag
Caveats
  • Supply blocks, unpowered buildings, or Contaminate may cause inaccurate times.
  • Supply counts are checked every 10 seconds.